 Dungeon Crawl Stone Soup version 0.31-a0-1370-gf52a5a9ab3 (webtiles) character file.

Game seed: 17254393491861927773

162 kae the Sneak (level 5, 0/37 HPs)
             Began as a Demonspawn Enchanter on Dec 23, 2023.
             Incinerated by a bombardier beetle (5 damage)
             ... with a burning spray
             ... on level 4 of the Dungeon.
             The game lasted 00:03:17 (3418 turns).

kae the Sneak (Demonspawn Enchanter)                Turns: 3418, Time: 00:03:18

Health: 0/37       AC:  4    Str:  9    XL:     5   Next: 19%
Magic:  1/8        EV: 12    Int: 15    God:
Gold:   90         SH:  0    Dex: 15    Spells: 7/9 levels left

rFire   . . .        a - +1 dagger
rCold   . . .        (no shield)
rNeg    . . .        b - +0 robe
rPois   .            (no helmet)
rElec   .            (no cloak)
rCorr   .            (no gloves)
SInv    .            (no boots)
Will    .....        (no amulet)
Stlth   +            (no ring)
HPRegen 0.26/turn    (no ring)
MPRegen 0.11/turn

%: no passive effects
@: on fire, very slightly contaminated, glowing
A: thin metallic scales 1, demonic magic 1
a: no special abilities


You were on level 4 of the Dungeon.
You visited 1 branch of the dungeon, and saw 4 of its levels.

You collected 181 gold pieces.
You spent 91 gold pieces at shops.


Innate Abilities, Weirdness & Mutations

You are partially covered in thin metallic scales. (AC +2)
Spells you cast may paralyse adjacent enemies.


   Skills:
 + Level 1.5 Fighting
 * Level 2.3 Short Blades
 - Level 1.7 Dodging
 * Level 3.7 Stealth
 + Level 2.6 Spellcasting
 + Level 3.4 Hexes
 + Level 0.8 Ice Magic


You had 7 spell levels left.
You knew the following spells:

 Your Spells              Type           Power      Damage    Failure   Level
a - Ensorcelled Hibernat  Hex/Ice        16%        N/A       13%         2

Your spell library contained the following spells:

 Spells                   Type           Power      Damage    Failure   Level
 Confusing Touch          Hex            12%        N/A       16%         3
 Tukima's Dance           Hex            12%        N/A       16%         3
 Dazzling Flash           Conj/Hex       14%        N/A       30%         3
 Mercury Vapours          Alch/Air       2%         N/A       32%         2
 Mephitic Cloud           Conj/Alch/Air  1%         N/A       54%         3
 Freezing Cloud           Conj/Ice/Air   1%         6-21      99%         5

Inventory:

Hand Weapons
 a - a +1 dagger (weapon)
Missiles
 d - 44 stones
 i - 6 javelins
Armour
 b - a +0 robe (worn)
 j - the +0 pair of boots "Omaycouk" {^Contam rElec rCorr Str-4}
   (You found it on level 2 of the Dungeon)

   Str-4:     It affects your strength (-4).
   rElec:     It insulates you from electricity.
   ^Contam:   It causes magical contamination when unequipped.
   rCorr:     It protects you from acid and corrosion.
Scrolls
 e - 2 scrolls of identify {@r1}
 k - a scroll of amnesia
 l - a scroll of teleportation {@r4}
 m - a scroll of silence {unknown}
 n - a scroll of immolation {unknown}
 o - 2 scrolls of brand weapon {unknown}
 q - a scroll of torment {unknown}
Potions
 c - 2 potions of invisibility
 f - 3 potions of brilliance
 g - 2 potions of heal wounds {@q2}
 h - 2 potions of curing {@q1}
 p - a potion of mutation {unknown}
 r - 2 potions of ambrosia {unknown}

Dungeon Overview and Level Annotations

Branches:
Dungeon (4/15) Zot: 20596
 Temple: D:4-7

Altars:
Ru
Vehumet

Shops:
D:2

? #......... ##.....# #....##+#.
#......# #....#.... #......#
#....#..)# +......+ #....#.#.#
#......# #....#...# ####......#
#....#.... ########..#....†.#
#....#.... #.....##..#....@.#
#...>#.... #.........#......#
#....#.... #.........#......+
#....#....
#####.##..#......##+###....#####
#.###+#####..........#######
#......#..'..........#......
#......#..#..........'......
#..##.##..#..........##+##+#
#..#####..###'#..†.......#..


There were no monsters in sight!


Message History

There is an open door here.
You open the door.
There is an open door here.
There is an open door here.
You open the door.
There is an open door here.
You open the door.
There is an open door here.
Key pressed, stopping explore.
You open the door.
There is an open door here.
A bombardier beetle comes into view.
Unknown command.
A bombardier beetle is nearby!
A bombardier beetle is nearby!
Casting: Ensorcelled Hibernation (safe; 13% risk of failure)
Confirm with . or Enter, or press ? or * to list all spells.
Aiming: Ensorcelled Hibernation (safe; 13% risk of failure)
Press: ? - help, Shift-Dir - straight line, f - bombardier beetle
Aim: a bombardier beetle (chance to affect: 41%)
You miscast Ensorcelled Hibernation.
You are very lightly contaminated with residual magic.
Nothing appears to happen. 😎 MP[-2]
You lost 2 mp, and now have 6/8 mp.
Casting: Ensorcelled Hibernation (safe; 13% risk of failure)
Confirm with . or Enter, or press ? or * to list all spells.
Aiming: Ensorcelled Hibernation (safe; 13% risk of failure)
Press: ? - help, Shift-Dir - straight line, f/p - bombardier beetle
Aim: a bombardier beetle (chance to affect: 41%)
You miscast Ensorcelled Hibernation.
Nothing appears to happen.
The bombardier beetle sprays incendiary fluid at you.
The burning spray hits you.
You are covered in liquid fire! 😎 MP[-2]
You lost 2 mp, and now have 4/8 mp.
Casting: Ensorcelled Hibernation (safe; 13% risk of failure)
Confirm with . or Enter, or press ? or * to list all spells.
Aiming: Ensorcelled Hibernation (safe; 13% risk of failure)
Press: ? - help, Shift-Dir - straight line, f/p - bombardier beetle
Aim: a bombardier beetle (chance to affect: 41%)
The bombardier beetle resists with some effort.
Malevolent energies surge around you.
The liquid fire burns you! 😕 HP[-4] MP[-2]
You take 4 damage, and now have 33/37 hp.
You lost 2 mp, and now have 2/8 mp.
Unknown command.
Casting: Ensorcelled Hibernation (safe; 13% risk of failure)
Confirm with . or Enter, or press ? or * to list all spells.
Aiming: Ensorcelled Hibernation (safe; 13% risk of failure)
Press: ? - help, Shift-Dir - straight line, f/p - bombardier beetle
Aim: a bombardier beetle (chance to affect: 41%)
The bombardier beetle resists with some effort.
Malevolent energies surge around you.
The bombardier beetle suddenly stops moving!
The liquid fire burns you! 😕 HP[-4] MP[-2]
You take 4 damage, and now have 29/37 hp.
You lost 2 mp, and now have 0/8 mp.
Unknown command.
The helpless bombardier beetle fails to defend itself.
You puncture the bombardier beetle!
You kill the bombardier beetle!
The liquid fire burns you!
You are too injured to fight recklessly! 😮 HP[-4]
You take 4 damage, and now have 25/37 hp.
You are on fire!
Unknown command.
You are on fire!
You are on fire!
You are on fire!
You are on fire!
Unknown command.
The liquid fire burns you! 😮 HP[-4]
You take 4 damage, and now have 21/37 hp.
Unknown command.
The liquid fire burns you!
* * * LOW HITPOINT WARNING * * *
😨 HP[-5]
You take 5 damage, and now have 16/37 hp.
The liquid fire burns you!
* * * LOW HITPOINT WARNING * * *
😨 HP[-3]
You take 3 damage, and now have 13/37 hp.
Unknown command.
The liquid fire burns you!
* * * LOW HITPOINT WARNING * * *
😱 HP[-6]
You take 6 damage, and now have 7/37 hp.
The liquid fire burns you!
* * * LOW HITPOINT WARNING * * *
😱 HP[-2] MP[+1]
You take 2 damage, and now have 5/37 hp.
Unknown command.
The liquid fire burns you!
You die...

Skill      XL: |  1  2  3  4 |
---------------+-------------+-----
Short Blades   | 1 2 |  2.3
Stealth        | 3 |  3.7
Fighting       | 1 |  1.5
Dodging        | |  1.7
Spellcasting   | |  2.6
Hexes          | |  3.4
Ice Magic      | |  0.8

Action                     |  1- 3 |  4- 6 || total
---------------------------+-------+-------++-------
  Melee: Dagger            |   108 |    86 ||   194
         Punch             |     1 |       ||     1
   Cast: Ensorcelled Hiber |    11 |    19 ||    30
    Use: Scroll            |     5 |       ||     5
   Stab: Sleeping          |    12 |     9 ||    21
         Paralysed         |     2 |    12 ||    14
 Armour: Robe              |    53 |    67 ||   120
  Dodge: Dodged            |    52 |   111 ||   163

Levels and vault maps discovered:
D:1:      lemuel_arrival_funnel, layout_loops_corners
D:2:      layout_basic, serial_shops, shop, kennysheep_decorative_pillar
D:3:      layout_basic, lemuel_round_altar, nicolae_ru_awakened_eye
D:4:      layout_gridville, makhleb_heckhound_becter,
          gammafunk_temple_overflow_wave, minmay_fractal_squares_5

Notes
Turn   | Place    | Note
-------+----------+-------------------------------------------
     0 | D:1      | kae the Demonspawn Enchanter began the quest for the Orb.
     0 | D:1      | Reached XP level 1. HP: 13/13 MP: 3/3
     0 | D:1      | magus.rc [v1.11.3]
   147 | D:1      | Reached skill level 1 in Short Blades
   364 | D:1      | Gained mutation: Spells you cast may paralyse adjacent
                  | enemies. [demonic ancestry]
   364 | D:1      | Reached XP level 2. HP: 20/20 MP: 5/5
   367 | D:1      | Learned a level 2 spell: Ensorcelled Hibernation
   776 | D:1      | Reached skill level 3 in Stealth
  1005 | D:2      | You pick up a book of Vapours and begin reading...
  1005 | D:2      | You add the spells Mercury Vapours, Mephitic Cloud and
                  | Freezing Cloud to your library.
  1099 | D:2      | Identified the +0 pair of boots "Omaycouk" {^Contam rElec
                  | rCorr Str-4}
  1538 | D:2      | Found Xithreh's Magic Scroll Emporium.
  1547 | D:2      | Bought a scroll of teleportation for 39 gold pieces
  1547 | D:2      | Bought a scroll of identify for 26 gold pieces
  1547 | D:2      | Bought a scroll of identify for 26 gold pieces
  1662 | D:2      | HP: 4/20 [kobold/+0 whip (5)]
  1664 | D:2      | Reached XP level 3. HP: 5/25 MP: 3/6
  1971 | D:3      | Found a sacrificial altar of Ru.
  1992 | D:3      | Reached skill level 1 in Fighting
  2187 | D:3      | Reached XP level 4. HP: 28/32 MP: 0/7
  2819 | D:3      | Found a radiant altar of Vehumet.
  2976 | D:3      | Reached skill level 2 in Short Blades
  3058 | D:3      | Gained mutation: You are partially covered in thin metallic
                  | scales. (AC +2) [demonic ancestry]
  3058 | D:3      | Reached XP level 5. HP: 27/37 MP: 0/8
  3416 | D:4      | HP: 7/37 [burnt (6)]
  3418 | D:4      | Incinerated by a bombardier beetle

Vanquished Creatures
  A howler monkey (D:3)
  6 adders (D:3)
  A bombardier beetle (D:4)
  2 dart slugs (D:1)
  An orc (D:4)
  7 ball pythons
  5 endoplasms
  A giant cockroach (D:3)
  6 goblins
  4 hobgoblins
  3 jackals (D:3)
  8 kobolds
  2 quokkas (D:3)
  2 bats (D:3)
  5 frilled lizards
  6 rats
60 creatures vanquished.

Table legend:
 A = Non-vault XP
 B = Vault XP
 C = Vault XP percentage of total XP
 D = Non-vault monster count
 E = Vault monster count
 F = Vault count percentage of total count
                 A         B        C        D         E       F
            +---------+---------+-------+---------+---------+-------
      Total |     149 |      83 |  35.8 |      50 |      10 |  16.7
            +---------+---------+-------+---------+---------+-------
        D:1 |      23 |       0 |   0.0 |      12 |       0 |   0.0
        D:2 |      20 |       0 |   0.0 |      12 |       0 |   0.0
        D:3 |      90 |      73 |  44.8 |      21 |       5 |  19.2
        D:4 |      16 |      10 |  38.5 |       5 |       5 |  50.0
            +---------+---------+-------+---------+---------+-------

Skill      XL: |  1  2  3  4 |
---------------+-------------+-----
Short Blades   | 1 2 |  2.3
Stealth        | 3 |  3.7
Fighting       | 1 |  1.5
Dodging        | |  1.7
Spellcasting   | |  2.6
Hexes          | |  3.4
Ice Magic      | |  0.8

Action                     |  1- 3 |  4- 6 || total
---------------------------+-------+-------++-------
  Melee: Dagger            |   108 |    86 ||   194
         Punch             |     1 |       ||     1
   Cast: Ensorcelled Hiber |    11 |    19 ||    30
    Use: Scroll            |     5 |       ||     5
   Stab: Sleeping          |    12 |     9 ||    21
         Paralysed         |     2 |    12 ||    14
 Armour: Robe              |    53 |    67 ||   120
  Dodge: Dodged            |    52 |   111 ||   163

Illustrated notes

Table legend:
 A = Kills in this place as a percentage of kills in the entire game.
 B = Kills by you in this place as a percentage of kills by you in the entire game.
 C = Kills by friends in this place as a percentage of kills by friends in the entire game.
 D = Other kills in this place as a percentage of other kills in the entire game.
 E = Experience gained in this place as a percentage of experience gained in the entire game.
 F = Experience gained in this place divided by the number of levels of this place that you have seen.
                   A       B       C       D       E      F
               +-------+-------+-------+-------+-------+----------------------
         Total | 100.0 | 100.0 |   N/A |   N/A | 100.0 |  58.0
       Dungeon | 100.0 | 100.0 |   N/A |   N/A | 100.0 |  58.0
               +-------+-------+-------+-------+-------+----------------------

Table legend: (Time is in decaauts)
 A = Elapsed time spent in this place.
 B = Non-inter-level travel time spent in this place.
 C = Inter-level travel time spent in this place.
 D = Time resting spent in this place.
 E = Time spent auto-exploring this place.
 F = Levels seen in this place.
 G = Mean time per level.
                   A        B        C        D        E       F      G
               +--------+--------+--------+--------+--------+-----+--------+
         Total |   3403 |   3338 |     65 |    173 |   2717 |   4 |  850.8 |
       Dungeon |   3403 |   3338 |     65 |    173 |   2717 |   4 |  850.8 |
               +--------+--------+--------+--------+--------+-----+--------+

Top non-repeatable levels by time:
     D:3: 1277 daAuts
     D:2: 973 daAuts
     D:1: 883 daAuts
     D:4: 269 daAuts
